 Dungeon Crawl Stone Soup version 0.25.1-2-g60ff931df9 (webtiles) character file.

Game seed: 4761206538616065309

2544 Delamore the Basher (level 9, 0/54 HPs)
             Began as a Gargoyle Fighter on Oct 15, 2020.
             Was a Believer of Okawaru.
             Slain by an orc warrior
             ... wielding a +0 great sword
              (14 damage)
             ... on level 6 of the Dungeon.
             The game lasted 00:05:46 (5927 turns).

Delamore the Basher (Gargoyle Fighter)              Turns: 5927, Time: 00:05:47

Health: 0/54       AC: 15    Str: 24    XL:     9   Next: 55%
Magic:  9/9        EV:  8    Int:  8    God:    Okawaru [**....]
Gold:   162        SH: 10    Dex:  9    Spells: 8/8 levels left

rFire    + . .     SeeInvis +   t - +0 whip (elec)
rCold    . . .     Gourm    .   c - +0 kite shield
rNeg     + . .     Faith    .   G - +1 ring mail {rF+}
rPois    ∞         Spirit   .   k - +0 helmet
rElec    +         Reflect  .   g - +0 cloak
rCorr    .         Harm     .   (no gloves)
MR       +....                  (no boots)
Stlth    ..........             (no amulet)
HPRegen  0.18/turn              A - ring of see invisible
MPRegen  0.11/turn              w - ring of protection from magic

@: no status effects
A: negative energy resistance 1, electricity resistance, unbreathing,
petrification resistance, rot immunity, AC +6
a: Heroism, Renounce Religion


You were on level 6 of the Dungeon.
You worshipped Okawaru.
Okawaru was pleased with you.
You were hungry.

You visited 2 branches of the dungeon, and saw 8 of its levels.

You collected 228 gold pieces.
You spent 66 gold pieces at shops.

Inventory:

Hand Weapons
 a - a +0 flail
 o - a +2 mace of draining
 t - a +0 whip of electrocution (weapon)
Missiles
 H - a throwing net (quivered)
Armour
 b - a +0 scale mail
 c - a +0 kite shield (worn)
 g - a +0 cloak (worn)
 k - a +0 helmet (worn)
 G - a +1 ring mail of fire resistance (worn)
Jewellery
 h - an uncursed ring of flight
 w - a ring of protection from magic (right hand)
 x - an uncursed ring of poison resistance
 A - a ring of see invisible (left hand)
 D - a +6 ring of intelligence
Wands
 E - a wand of random effects (10)
 K - a wand of digging (4)
 L - a wand of iceblast (11)
Scrolls
 e - a scroll of noise {unknown}
 i - 2 scrolls of immolation {unknown}
 n - a scroll of random uselessness {unknown}
 p - 6 scrolls of identify {unknown}
 q - a scroll of amnesia {unknown}
 v - 2 scrolls of enchant weapon {unknown}
 y - 3 scrolls of enchant armour {unknown}
 C - a scroll of fog {unknown}
 F - a scroll of blinking {unknown}
 I - a scroll of magic mapping {unknown}
Potions
 d - a potion of might
 j - 3 potions of haste {unknown}
 l - 3 potions of flight {unknown}
 m - 2 potions of magic {unknown}
 r - 2 potions of heal wounds
 s - 2 potions of curing {unknown}
 u - a potion of berserk rage {unknown}
 z - 2 potions of brilliance {unknown}
 B - a potion of degeneration
Comestibles
 f - 4 rations


   Skills:
 - Level 5.0 Fighting
 + Level 11.6 Maces & Flails
 - Level 3.2 Armour
 - Level 5.0 Shields


You had 8 spell levels left.
You didn't know any spells.
Your spell library was empty.

Dungeon Overview and Level Annotations

Branches:
Dungeon (7/15)             Temple (1/1) D:4

Altars:
Cheibriados
Elyvilon
Fedhas
Gozag
Hepliaklqana
Kikubaaqudgha
Makhleb
Nemelex Xobeh
Okawaru
Qazlal
Ru
Trog
Uskayaw
Vehumet
Xom
The Shining One

Shops:
D:6 !


Innate Abilities, Weirdness & Mutations

You are resistant to torment.
Your stone body is resilient. (AC +6)
You are immune to poison.
You resist negative energy. (rN+)
You are resistant to electric shocks. (rElec)
You can survive without breathing.
You are immune to petrification.
You are immune to rotting.


Message History

You kill the orc warrior!
Okawaru accepts your kill.
The orc warrior hits you with a +0 great sword.
Things that are here:
a +0 great sword; a +0 chain mail; a scroll labeled XULETU EDGHEAMI You hit the orc warrior but do no damage.
You hit the orc warrior but do no damage.
The orc warrior barely misses you.
You barely miss the orc warrior. You hit the orc warrior.
The orc warrior is lightly wounded.
The orc warrior hits you with a +0 great sword!
* * * LOW HITPOINT WARNING * * *
You hit the orc warrior but do no damage.
Lightning courses through the orc warrior!!
The orc warrior is severely wounded.
You barely miss the orc warrior.
The orc warrior is severely wounded.
The orc warrior hits you with a +0 great sword!
You die...

.#........####.#.#
.#........# #.#.#
#...#.##.#####.#.#
...............#.#
###...#.########.#
.................#
..##.>#.##########
..<..........##########
..###.#.####...o@.....#
..# #.#.# ##########.#
..# #.#.# #.# ..# #.#.#
#.# ..# #.#.# #.#
.####.#.# #.# ........#
#.# ........# #.#
........# ###########.#


You could see an orc warrior.

Vanquished Creatures
  Pikel (D:3)
  Grinder (D:4)
  Edmund (D:5)
  An orc warrior (D:6)
  3 phantoms
  A sky beast (D:5)
  A black bear (D:6)
  An ice beast (D:6)
  3 ogres
  A centaur (D:5)
  A bullfrog (D:6)
  A gnoll sergeant (D:7)
  2 scorpions
  4 hounds
  3 jellies
  A centaur zombie (D:6)
  2 orc priests (D:6)
  An orc wizard (D:6)
  An iguana (D:6)
  4 worker ants
  Robin (D:3)
  A gnoll (D:4)
  9 adders
  2 oozes
  3 worms
  4 dart slugs
  5 leopard geckos
  9 orcs
  A ball python (D:1)
  8 bats
  6 giant cockroaches
  14 goblins
  11 hobgoblins
  8 jackals
  3 quokkas
  4 frilled lizards
  A jackal zombie (D:5)
  9 kobolds
  8 rats
141 creatures vanquished.

Vanquished Creatures (others)
  2 slaves (D:4)
  2 gnolls (D:4)
4 creatures vanquished.

Grand Total: 145 creatures vanquished

Notes
Turn   | Place    | Note
-------+----------+-------------------------------------------
     0 | D:1      | Delamore the Gargoyle Fighter began the quest for the Orb.
     0 | D:1      | Reached XP level 1. HP: 14/14 MP: 1/1
   104 | D:1      | Reached XP level 2. HP: 19/19 MP: 2/2
   693 | D:1      | Reached XP level 3. HP: 24/24 MP: 3/3
  1141 | D:2      | Found a radiant altar of Vehumet.
  1265 | D:2      | Reached XP level 4. HP: 28/29 MP: 4/4
  1276 | D:2      | Reached skill level 3 in Maces & Flails
  2112 | D:3      | Noticed Robin
  2132 | D:3      | Killed Robin
  2132 | D:3      | Reached XP level 5. HP: 29/34 MP: 5/5
  2760 | D:4      | Noticed a slave
  2761 | D:4      | Noticed a slave
  2761 | D:4      | Noticed Pikel
  2762 | D:4      | Noticed a slave
  2767 | D:4      | Noticed a slave
  2781 | D:3      | Killed Pikel
  2781 | D:3      | Reached skill level 5 in Fighting
  2781 | D:3      | Reached skill level 6 in Maces & Flails
  2781 | D:3      | Reached skill level 5 in Shields
  2781 | D:3      | Reached XP level 6. HP: 32/40 MP: 6/6
  2781 | D:3      | Reached XP level 7. HP: 35/44 MP: 7/7
  3082 | D:4      | Found a staircase to the Ecumenical Temple.
  3131 | Temple   | Entered the Ecumenical Temple
  3182 | Temple   | Became a worshipper of Warmaster Okawaru
  3226 | D:4      | Reached skill level 7 in Maces & Flails
  3271 | D:4      | Noticed Grinder
  3281 | D:4      | Killed Grinder
  3281 | D:4      | Reached XP level 8. HP: 49/49 MP: 8/8
  3442 | D:4      | Reached skill level 8 in Maces & Flails
  3538 | D:5      | Entered Level 5 of the Dungeon
  3646 | D:5      | Reached * piety under Okawaru
  3700 | D:5      | Reached skill level 9 in Maces & Flails
  4481 | D:5      | Noticed Edmund
  4492 | D:5      | Killed Edmund
  4492 | D:5      | Reached skill level 10 in Maces & Flails
  4492 | D:5      | Reached XP level 9. HP: 51/54 MP: 9/9
  4689 | D:6      | Found Donemi's Distillery.
  4717 | D:6      | Reached ** piety under Okawaru
  4749 | D:6      | Bought a potion of degeneration for 11 gold pieces
  4749 | D:6      | Bought a potion of heal wounds for 55 gold pieces
  5362 | D:6      | Reached skill level 11 in Maces & Flails
  5927 | D:6      | Slain by an orc warrior

Illustrated notes

Levels and vault maps discovered:
D:1:      minmay_arrival_glassed_features, layout_loops_ring
D:2:      layout_basic, nicolae_overflow_hidden_temple, minmay_misc_feat_five
D:3:      layout_basic, uniq_robin
D:4:      layout_gridville, minmay_temple_entry_glassed_door, first_ration,
          uniq_grinder, uniq_pikel
D:5:      layout_cave_pods, chequers_serial_rivers_room_b, uniq_edmund
D:6:      layout_basic, serial_shops, shop, fountainhead
D:7:      layout_cave_pools, grunt_ogre_cave, sword_in_stone, uniq_maggie
Temple:   eino_wide_crystal_templ

Skill      XL: |  1  2  3  4  5  6  7  8  9 |
---------------+----------------------------+-----
Fighting       | 4 5 |  5.0
Shields        | 4 5 |  5.0
Maces & Flails | 3 6 7 10 11 | 11.6
Armour         | |  3.2

Action                   |  1- 3 |  4- 6 |  7- 9 || total
-------------------------+-------+-------+-------++-------
Melee: Flail             |   108 |       |       ||   108
       Mace              |    27 |    25 |       ||    52
       Whip              |       |   122 |   355 ||   477
  Use: Potion            |       |       |     1 ||     1
  Eat: Chunk             |     1 |     5 |    10 ||    16
Armor: Scale mail        |    71 |    74 |    75 ||   220
       Ring mail         |       |       |    50 ||    50
Dodge: Dodged            |    44 |    38 |    74 ||   156
Block: Kite shield       |    84 |    69 |   123 ||   276
